 Dungeon Crawl Stone Soup version 0.30-b1-2-g02819fbbbe (webtiles) character file.

Game seed: 12512584188614065234

46 Flugkiller the Magician (level 3, -2/26 HPs)
             Began as a Mummy Summoner on May 20, 2023.
             Hit by a goblin thrown by Robin (3 damage)
             ... on level 3 of the Dungeon.
             The game lasted 00:05:47 (1385 turns).

Flugkiller the Magician (Mummy Summoner)            Turns: 1385, Time: 00:05:48

Health: -2/26      AC:  3    Str: 11    XL:     3   Next: 46%
Magic:  3/8        EV: 12    Int: 16    God:
Gold:   135        SH:  0    Dex: 12    Spells: 6/10 levels left

rFire   x . .        k - +0 long sword
rCold   + . .        (no shield)
rNeg    + + +        a - +0 robe
rPois   ∞            (no helmet)
rElec   .            (no cloak)
rCorr   .            (no gloves)
SInv    .            h - +0 pair of boots
Will    .....        (no amulet)
Stlth   ++           (no ring)
HPRegen 0.24/turn    (no ring)
MPRegen 0.11/turn

%: faith
@: no status effects
A: cold resistance 1, negative energy resistance 3, torment resistance 2, heat
vulnerability 1, in touch with death 1, no potions, faith
a: no special abilities


You were on level 3 of the Dungeon.
You visited 1 branch of the dungeon, and saw 3 of its levels.

You collected 135 gold pieces.

Inventory:

Hand Weapons
 b - a +0 whip
   (You found it on level 1 of the Dungeon)
 c - a +0 sling
   (You found it on level 1 of the Dungeon)
 i - a +0 mace
   (You found it on level 2 of the Dungeon)
 j - a +0 short sword
   (You took it off a kobold on level 2 of the Dungeon)
 k - a +0 long sword (weapon)
   (You found it on level 2 of the Dungeon)
Missiles
 d - 6 poisoned darts
Armour
 a - a +0 robe (worn)
 h - a +0 pair of boots (worn)
   (You found it on level 2 of the Dungeon)
Scrolls
 e - a scroll of amnesia
 r - 2 scrolls of identify


   Skills:
 - Level 1.0 Fighting
 - Level 1.5 Dodging
 - Level 1.5 Stealth
 + Level 4.3 Spellcasting
 + Level 3.5 Summonings


You had 6 spell levels left.
You knew the following spells:

 Your Spells              Type           Power      Damage    Failure   Level
a - Summon Small Mammal   Summ           56%        N/A       4%          1
b - Call Canine Familiar  Summ           14%        N/A       12%         3

Your spell library contained the following spells:

 Spells                   Type           Power      Damage    Failure   Level
 Call Imp                 Summ           28%        N/A       6%          2
 Foxfire                  Conj/Fire      12%        2x1d4     17%         1
 Freeze                   Ice            12%        1d3       17%         1
 Sting                    Tmut/Pois      12%        1d3       17%         1
 Summon Guardian Golem    Hex/Summ       9%         N/A       24%         3
 Summon Lightning Spire   Summ/Air       9%         N/A       63%         4


Dungeon Overview and Level Annotations

Branches:
Dungeon (3/15) Zot: 16602

Altars:

Annotations:
D:3 Robin


Innate Abilities, Weirdness & Mutations

You are immune to poison.
Your flesh is cold resistant. (rC+)
You are immune to negative energy. (rN+++)
You are immune to unholy pain and torment.
You are vulnerable to heat. (rF-)
You are in touch with the powers of death.
You do not drink.
You have a special connection with the divine. (Faith)


Message History

Found a scroll labelled QARANT FENTU.
You hit the phantom.
The phantom is lightly damaged.
The phantom hits you.
The phantom blinks!
You blink.
You closely miss the phantom.
The phantom is lightly damaged.
The phantom hits you!
The phantom blinks!
You blink.
Casting: Call Canine Familiar (quite dangerous; 12% risk of failure)
Confirm with . or Enter, or press ? or * to list all spells.
The phantom hits you but does no damage.
You closely miss the phantom.
The phantom is lightly damaged.
Your bat hits the phantom but does no damage.
The phantom hits you. x2; The phantom blinks!
You blink.
Your bat misses the phantom. The phantom barely misses your bat.
Your bat misses the phantom.
Your hound bites the phantom but does no damage.
The phantom hits your hound!
There is a stone staircase leading up here.
Casting: Summon Small Mammal (safe; 4% risk of failure)
Confirm with . or Enter, or press ? or * to list all spells.
Your hound disappears in a puff of smoke!
Your bat hits the phantom but does no damage.
Your bat hits the phantom but does no damage. x2
Casting: Summon Small Mammal (safe; 4% risk of failure)
Confirm with . or Enter, or press ? or * to list all spells.
The spell is quite dangerous to miscast (12% risk of failure)!
Continue anyway?
You miscast Call Canine Familiar.
You are very lightly contaminated with residual magic.
Something forms from out of thin air.
A nameless horror comes into view.
Your bat hits the phantom but does no damage. x2
Your bat barely misses the phantom.
Your bat hits the phantom. The phantom attacks as you move away!
The phantom hits you but does no damage.
Your bat hits the phantom.
Send 'em back where they came from!
Your bat shudders. x2
Your bat closely misses the phantom.
The phantom attacks as you move away! The phantom closely misses you.
The phantom misses your bat.
Your bat closely misses the phantom.
Okay, then.
As you read the scroll labelled FULIUM LUGAHIM, it crumbles to dust.
It is a scroll of identify.
e - a scroll of amnesia;
r - 2 scrolls of identify Your bat misses the phantom.
Your bat closely misses the phantom. x2
Your bat barely misses the phantom.
Send 'em back where they came from!
Your bat shudders. x2
Unknown command.
You closely miss the phantom.
The phantom is lightly damaged.
Your bat closely misses the phantom.
Your bat completely misses the phantom.
Your bat misses the phantom. Your bat hits the nameless horror.
The phantom hits you.
The nameless horror barely misses your bat.
Your bat hits the phantom but does no damage.
You miss the phantom.
The phantom is lightly damaged.
Your bat closely misses the phantom.
Your bat hits the nameless horror but does no damage.
Your bat barely misses the phantom.
Your bat hits the phantom. The phantom hits you.
The phantom blinks!
You blink.
Found 12 gold pieces.
The nameless horror hits your bat.
Your bat dies!
Your bat's corpse disappears in a puff of smoke!
The phantom misses you.
Your bat hits the phantom but does no damage. 3 goblins come into view.
The goblin shouts!
You hear a shout! x3
Your bat misses the phantom.
A hobgoblin comes into view.
The goblin unwields a +0 club.
The goblin wields a +0 sling.
The goblin shoots a sling bullet.
The sling bullet hits you.
* * * LOW HITPOINT WARNING * * *
A goblin comes into view. It is wielding a +0 club. x2
The goblin moves out of view.
You hear a shout! x3
Okay, then.
You can't drink.
Unknown command.
You hit the phantom.
The phantom is moderately damaged.
Your bat closely misses the phantom.
Your bat misses the phantom.
A goblin comes into view. It is wielding a +0 club.
The phantom hits you!
* * * LOW HITPOINT WARNING * * *
The phantom blinks!
You blink.
Robin, 5 goblins and a hobgoblin come into view.
Robin is wielding a +1 dagger of speed.
Your magical contamination has completely faded away.
The goblin shouts! x3
You hit the phantom.
The phantom is moderately damaged.
The goblin hits your bat with a +0 dagger.
The phantom closely misses you.
Your bat closely misses the goblin.
Send 'em back where they came from!
Your bat disappears in a puff of smoke!
You barely miss the phantom.
The phantom is moderately damaged.
Robin throws the goblin at you!
You die...

###### #.....#
.......##
.......g#
.....gg@#####
......Wg#...#
...g.ggg§...#
...gg.g.g...#
...g.g..##§b#
.......####X##
......# #..##
###### ##..#
### ###.#####


You could see a phantom, Robin, 2 hobgoblins and 11 goblins.

Vanquished Creatures
  4 ball pythons
  3 endoplasms
  A goblin (D:1)
  A hobgoblin (D:1)
  A jackal (D:1)
  A frilled lizard (D:1)
  A kobold (D:2)
  2 rats (D:2)
14 creatures vanquished.

Vanquished Creatures (collateral kills)
  A worm (D:2)
  A bat (D:2)
  An endoplasm (D:1)
  A giant cockroach (D:2)
  A goblin (D:2)
  4 hobgoblins
  3 jackals (D:1)
  4 kobolds
  4 ball pythons
  A frilled lizard (D:2)
  4 rats
25 creatures vanquished.

Grand Total: 39 creatures vanquished

Notes
Turn   | Place    | Note
-------+----------+-------------------------------------------
     0 | D:1      | Flugkiller the Mummy Summoner began the quest for the Orb.
     0 | D:1      | Reached XP level 1. HP: 13/13 MP: 4/4
   158 | D:1      | Reached skill level 3 in Spellcasting
   344 | D:1      | Reached XP level 2. HP: 19/19 MP: 1/6
   455 | D:1      | Found a faded altar of an unknown god.
   514 | D:1      | Reached skill level 4 in Spellcasting
   750 | D:2      | Gained mutation: You are in touch with the powers of death.
                  | [Mummy growth]
   750 | D:2      | Reached XP level 3. HP: 16/25 MP: 5/8
   754 | D:2      | Learned a level 3 spell: Call Canine Familiar
  1188 | D:2      | Got Spellweaving, Part One
  1256 | D:2      | Reached skill level 1 in Fighting
  1361 | D:3      | Noticed a phantom
  1373 | D:3      | Noticed a nameless horror
  1383 | D:3      | HP: 1/26 [phantom (7)]
  1383 | D:3      | Noticed Robin
  1385 | D:3      | Hit by a goblin thrown by Robin

Illustrated notes

Levels and vault maps discovered:
D:1:      scummos_arrival_simple_crosswalls, layout_basic,
          nicolae_ecumenical_lake_church
D:2:      layout_basic, minmay_misc_feat_rows, minmay_misc_feat_columns,
          st_stairs_11
D:3:      minmay_razor_zed, layout_rooms, uniq_robin

Skill      XL: |  1  2  3 |
---------------+----------+-----
Spellcasting   | 3 4 |  4.3
Fighting       | 1 |  1.0
Dodging        | |  1.5
Stealth        | |  1.5
Summonings     | |  3.5

Action                     || total
---------------------------++-------
  Melee: Whip              ||    12
         Falchion          ||    28
         Long sword        ||    10
   Cast: Summon Small Mamm ||    47
         Call Canine Famil ||     5
    Use: Scroll            ||     1
 Armour: Robe              ||    13
  Dodge: Dodged            ||    37
